 Dungeon Crawl Stone Soup version 0.21-a0-344-g2144152 (webtiles) character file.

93 tidbits the Charmwright (level 4, 0/38 HPs)
             Began as a Gnoll Skald on Oct 4, 2017.
             Slain by Dominolapin's ghost (10 damage)
             ... on level 3 of the Dungeon.
             The game lasted 00:06:18 (1110 turns).

tidbits the Charmwright (Gnoll Skald)               Turns: 1110, Time: 00:06:19

Health: 0/38       AC:  5    Str: 14    XL:     4   Next: 62%
Magic:  11/11      EV: 13    Int: 16    God:
Gold:   136        SH:  0    Dex: 14    Spells: 2/13 levels left

rFire    . . .     SeeInvis .   a - +0 hand axe
rCold    . . .     Gourm    .   (no shield)
rNeg     . . .     Faith    .   B - +0 ring mail (curse)
rPois    +         Spirit   .   (no helmet)
rElec    .         Reflect  .   (no cloak)
rCorr    .         Harm     .   (no gloves)
MR       .....                  (no boots)
Stlth    +.........             (no amulet)
HPRegen  1.12/turn              e - ring of poison resistance
MPRegen  0.12/turn              (no ring)

@: infused, regenerating
A: distributed training, fangs 1, strong nose
a: no special abilities


You were on level 3 of the Dungeon.
You were not hungry.

You visited 1 branch of the dungeon, and saw 3 of its levels.

You collected 136 gold pieces.

Inventory:

Hand Weapons
 a - a +0 hand axe (weapon)
 g - a +0 hunting sling
Missiles
 w - 12 arrows
Armour
 b - a +0 leather armour
 B - a cursed +0 ring mail (worn)
Jewellery
 e - a ring of poison resistance (left hand)
   (You found it on level 1 of the Dungeon)
Scrolls
 h - a scroll of immolation {unknown}
 j - 2 scrolls of amnesia {unknown}
 l - a scroll of noise {unknown}
 n - a scroll of teleportation
 o - 3 scrolls of identify {unknown}
 p - a scroll of magic mapping {unknown}
 r - 2 scrolls of remove curse
 v - a scroll of fog {unknown}
Potions
 i - a potion of ambrosia {unknown}
 k - a potion of magic
 q - 2 potions of agility {unknown}
 u - 2 potions of curing {unknown}
 x - a potion of degeneration {unknown}
Books
 c - a book of Battle

   Spells                             Type                      Level
   a - Infusion                       Charms                       1
   b - Shroud of Golubria             Charms/Translocation         2
   c - Song of Slaying                Charms                       2
   d - Spectral Weapon                Hexes/Charms                 3
   e - Regeneration                   Charms/Necromancy            3
Comestibles
 d - 3 bread rations
 f - a meat ration
 m - a fruit
 s - 3 royal jellies
 t - 2 chunks of flesh


   Skills:
 + Level 4.6 Fighting
 + Level 1.2 Short Blades
 + Level 1.2 Long Blades
 + Level 4.6 Axes
 + Level 1.2 Maces & Flails
 + Level 1.2 Polearms
 + Level 1.2 Staves
 + Level 1.2 Slings
 + Level 1.2 Bows
 + Level 1.2 Crossbows
 + Level 1.2 Throwing
 + Level 2.8 Armour
 + Level 4.6 Dodging
 + Level 1.2 Stealth
 + Level 1.2 Shields
 + Level 1.2 Unarmed Combat
 + Level 5.1 Spellcasting
 + Level 1.2 Conjurations
 + Level 1.2 Hexes
 + Level 6.6 Charms
 + Level 1.2 Summonings
 + Level 1.2 Necromancy
 + Level 1.2 Translocations
 + Level 1.2 Transmutations
 + Level 1.2 Fire Magic
 + Level 1.2 Ice Magic
 + Level 1.2 Air Magic
 + Level 1.2 Earth Magic
 + Level 1.2 Poison Magic
 + Level 1.2 Invocations
 + Level 1.2 Evocations


You had 2 spell levels left.
You knew the following spells:

 Your Spells              Type           Power        Failure   Level  Hunger
g - Shroud of Golubria    Chrm/Tloc      ###.......   9%          2    #......
i - Infusion              Chrm           ####         1%          1    None
r - Regeneration          Chrm/Necr      ###.......   19%         3    ###....
w - Spectral Weapon       Hex/Chrm       ###.....     19%         3    ###....
y - Song of Slaying       Chrm           ####....     3%          2    #......


Dungeon Overview and Level Annotations

Branches:
Dungeon (3/15)

Altars:
Uskayaw

Annotations:
D:3 Dominolapin's ghost, amateur HuFi


Innate Abilities, Weirdness & Mutations

Your experience applies equally to all skills.
You have very sharp teeth.
Your uncanny sense of smell can sniff out nearby items.


Message History

The hobgoblin hits you but does no damage.
You hit the hobgoblin.
You bite the hobgoblin, but do no damage.
The hobgoblin is almost dead.
The hobgoblin hits you but does no damage.
You closely miss the hobgoblin.
The hobgoblin is almost dead.
The hobgoblin misses you.
You barely miss the hobgoblin.
The hobgoblin is almost dead.
The hobgoblin misses you.
You hit the hobgoblin.
You kill the hobgoblin!
Things that are here:
a club; a hobgoblin corpse
s - 3 royal jellies (gained 1)
Found a bread ration.
A worm comes into view.
Found a runed ring mail.
You see here a brown potion.
x - a brown potion
Casting: Infusion
Confirm with . or Enter, or press ? or * to list all spells.
You begin infusing your attacks with magical energy.
The worm bites you.
You hit the worm.
The worm is moderately wounded.
You hit the worm!
The worm is almost dead.
The worm bites you.
You completely miss the worm.
The worm is almost dead.
You hit the worm.
You kill the worm!
You see here a worm corpse.
You see here a runed ring mail.
y - a runed ring mail Wear which item? (? for menu, Esc to quit)
You start removing your armour.
You continue taking off your +0 ring mail. x4
You finish taking off your +0 ring mail.
You start putting on your armour.
You continue putting on your runed ring mail. x5
You finish putting on your cursed +0 ring mail.
Oops, that feels deathly cold.
Adjust (i)tems, (s)pells, or (a)bilities?
Adjust which item? (? for menu, Esc to quit)
y - a cursed +0 ring mail (worn)
Adjust to which letter? (? for menu, Esc to quit)
B - a cursed +0 ring mail (worn);
y - a +0 ring mail Drop what? 26/52 slots (_ for help) (? for menu, Esc to quit)
You drop a +0 ring mail.
d - 3 bread rations (gained 1)
Your magical infusion is running out.
You are no longer magically infusing your attacks.
A giant cockroach comes into view.
The giant cockroach closely misses you.
You hit the giant cockroach.
The giant cockroach is moderately wounded.
The giant cockroach closely misses you.
You hit the giant cockroach.
You kill the giant cockroach!
Found a coppery potion.
Dominolapin's ghost (amateur Human Fighter) comes into view.
Dominolapin's ghost turns its malevolent gaze towards you.
Found a robe.
You see here a coppery potion.
u - 2 coppery potions (gained 1)
Casting: Infusion
Confirm with . or Enter, or press ? or * to list all spells.
You draw out your weapon's spirit!
Casting: Spectral Weapon
Confirm with . or Enter, or press ? or * to list all spells.
You begin infusing your attacks with magical energy.
Casting: Infusion
Confirm with . or Enter, or press ? or * to list all spells.
Space distorts slightly along a thin shroud covering your body.
A kobold comes into view. It is wielding a dagger.
The kobold moves out of view.
Dominolapin's ghost hits you.
You closely miss Dominolapin's ghost.
Your spectral weapon hits Dominolapin's ghost.
Dominolapin's ghost hits you.
You hit Dominolapin's ghost.
Dominolapin's ghost is lightly damaged.
Your spectral weapon hits Dominolapin's ghost.
Dominolapin's ghost closely misses you.
You closely miss Dominolapin's ghost.
You bite Dominolapin's ghost, but do no damage.
Dominolapin's ghost is lightly damaged.
Your spectral weapon hits Dominolapin's ghost but does no damage.
Dominolapin's ghost hits you!
Your shroud falls apart!
Casting: Shroud of Golubria
Confirm with . or Enter, or press ? or * to list all spells.
Your skin crawls.
Dominolapin's ghost hits you!
* * * LOW HITPOINT WARNING * * *
The kobold barely misses you.
It was a potion of magic.
Magic courses through your body. Dominolapin's ghost hits you!
You die...

..##.# #.###### ##.
#.##### #.# #
#.....# #.# #.....#
##.#
#.....##########..#
#...... ......##.##
.#.#.....#
##....#####
.........#
##...........
#.....<#
#.@(..#######
##..##.......WK..#
## ####........#
#..#..#### ....#...
#.#. #.#. ...[ .. #
.. ..


You could see Dominolapin's ghost, a kobold and a friendly spectral hand axe.

Vanquished Creatures
  An adder (D:2)
  2 oozes
  2 worms
  2 dart slugs
  2 leopard geckos
  5 bats
  5 giant cockroaches
  12 goblins
  10 hobgoblins
  3 jackals (D:2)
  9 kobolds
  5 rats
58 creatures vanquished.

Notes
Turn   | Place    | Note
-------+----------+-------------------------------------------
     0 | D:1      | tidbits the Gnoll Skald began the quest for the Orb.
     0 | D:1      | Reached XP level 1. HP: 20/20 MP: 6/6
   148 | D:1      | Reached XP level 2. HP: 22/26 MP: 2/7
   152 | D:1      | Learned a level 2 spell: Song of Slaying
   155 | D:1      | Learned a level 2 spell: Shroud of Golubria
   260 | D:1      | Reached XP level 3. HP: 30/31 MP: 0/9
   266 | D:1      | Reached skill level 5 in Spellcasting
   654 | D:2      | You fall through a shaft!
   782 | D:2      | Learned a level 3 spell: Regeneration
   786 | D:2      | Learned a level 3 spell: Spectral Weapon
   800 | D:2      | Reached skill level 1 in Short Blades
   800 | D:2      | Reached skill level 1 in Long Blades
   800 | D:2      | Reached skill level 1 in Maces & Flails
   800 | D:2      | Reached skill level 1 in Polearms
   800 | D:2      | Reached skill level 1 in Staves
   800 | D:2      | Reached skill level 1 in Slings
   800 | D:2      | Reached skill level 1 in Bows
   800 | D:2      | Reached skill level 1 in Crossbows
   800 | D:2      | Reached skill level 1 in Throwing
   800 | D:2      | Reached skill level 1 in Stealth
   800 | D:2      | Reached skill level 1 in Shields
   800 | D:2      | Reached skill level 1 in Unarmed Combat
   800 | D:2      | Reached skill level 1 in Conjurations
   800 | D:2      | Reached skill level 1 in Hexes
   800 | D:2      | Reached skill level 1 in Summonings
   800 | D:2      | Reached skill level 1 in Necromancy
   800 | D:2      | Reached skill level 1 in Translocations
   800 | D:2      | Reached skill level 1 in Transmutations
   800 | D:2      | Reached skill level 1 in Fire Magic
   800 | D:2      | Reached skill level 1 in Ice Magic
   800 | D:2      | Reached skill level 1 in Air Magic
   800 | D:2      | Reached skill level 1 in Earth Magic
   800 | D:2      | Reached skill level 1 in Poison Magic
   800 | D:2      | Reached skill level 1 in Invocations
   800 | D:2      | Reached skill level 1 in Evocations
   800 | D:2      | Reached XP level 4. HP: 32/38 MP: 3/11
   822 | D:2      | Found a hide-covered altar of Uskayaw.
  1100 | D:3      | Noticed Dominolapin's ghost (amateur HuFi)
  1110 | D:3      | Slain by Dominolapin's ghost

Vault maps used:
D:1:      dpeg_arrival_concentric_ovals, minmay_small_reverse_x
D:2:      nicolae_overflow_crystal_walls, lemuel_round_altar
D:3:      kennysheep_the_goblin_king, first_bread

Skill      XL: |  1  2  3 |
---------------+----------+-----
Spellcasting   | 5 |  5.1
Short Blades   | 1 |  1.2
Long Blades    | 1 |  1.2
Maces & Flails | 1 |  1.2
Polearms       | 1 |  1.2
Staves         | 1 |  1.2
Slings         | 1 |  1.2
Bows           | 1 |  1.2
Crossbows      | 1 |  1.2
Throwing       | 1 |  1.2
Stealth        | 1 |  1.2
Shields        | 1 |  1.2
Unarmed Combat | 1 |  1.2
Conjurations   | 1 |  1.2
Hexes          | 1 |  1.2
Summonings     | 1 |  1.2
Necromancy     | 1 |  1.2
Translocations | 1 |  1.2
Transmutations | 1 |  1.2
Fire Magic     | 1 |  1.2
Ice Magic      | 1 |  1.2
Air Magic      | 1 |  1.2
Earth Magic    | 1 |  1.2
Poison Magic   | 1 |  1.2
Invocations    | 1 |  1.2
Evocations     | 1 |  1.2
Fighting       | |  4.6
Axes           | |  4.6
Armour         | |  2.8
Dodging        | |  4.6
Charms         | |  6.6

Action                   |  1- 3 |  4- 6 || total
-------------------------+-------+-------++-------
Melee: Hand axe          |    88 |    47 ||   135
       Bite              |     7 |     3 ||    10
 Cast: Infusion          |    11 |     4 ||    15
       Regeneration      |     1 |     1 ||     2
       Shroud of Golubri |       |     2 ||     2
       Spectral Weapon   |       |     1 ||     1
  Use: Scroll            |     2 |       ||     2
       Potion            |       |     1 ||     1
  Eat: Chunk             |       |     1 ||     1
Armor: Leather armour    |     7 |       ||     7
       Ring mail         |    16 |    13 ||    29
Dodge: Dodged            |    70 |    42 ||   112

Table legend:
 A = Spawn XP
 B = Non-spawn XP
 C = Spawn XP percentage of total XP
 D = Spawn monster count
 E = Non-spawn monster count
 F = Spawn count percentage of total count
 G = Total turns spent on level
                    A         B        C        D         E        F      G
               +---------+---------+-------+---------+---------+-------+---------
         Total |       0 |     134 |   0.0 |       0 |      58 |   0.0 |  1110
               +---------+---------+-------+---------+---------+-------+---------
           D:1 |       0 |      56 |   0.0 |       0 |      30 |   0.0 |   482
           D:2 |       0 |      53 |   0.0 |       0 |      17 |   0.0 |   447
           D:3 |       0 |      25 |   0.0 |       0 |      11 |   0.0 |   181
               +---------+---------+-------+---------+---------+-------+---------

Table legend:
 A = Turns spent in this place as a percentage of turns spent in the entire game.
 B = Non-inter-level travel turns spent in this place as a percentage of non-inter-level travel turns spent in the entire game.
 C = Inter-level travel turns spent in this place as a percentage of turns spent in this place.
 D = Turns resting spent in this place as a percentage of non-inter-level travel turns spent in this place.
 E = Turns spent auto-exploring this place as a percentage of non-inter-level travel turns spent in this place.
 F = Non-inter-level travel turns spent in this place divided by the number of levels of this place that you've seen.
                   A       B       C       D       E      F
               +-------+-------+-------+-------+-------+----------------------
         Total | 100.0 | 100.0 |   4.7 |   0.0 |   0.0 | 352.7
       Dungeon | 100.0 | 100.0 |   4.7 |   0.0 |   0.0 | 352.7
               +-------+-------+-------+-------+-------+----------------------

Table legend:
 A = Kills in this place as a percentage of kills in entire the game.
 B = Kills by you in this place as a percentage of kills by you in the entire game.
 C = Kills by friends in this place as a percentage of kills by friends in the entire game.
 D = Other kills in this place as a percentage of other kills in the entire game.
 E = Experience gained in this place as a percentage of experience gained in the entire game.
 F = Experience gained in this place divided by the number of levels of this place that you have seen.
                   A       B       C       D       E      F
               +-------+-------+-------+-------+-------+----------------------
         Total | 100.0 | 100.0 |   N/A |   N/A | 100.0 |  44.7
       Dungeon | 100.0 | 100.0 |   N/A |   N/A | 100.0 |  44.7
               +-------+-------+-------+-------+-------+----------------------

Vault maps used:
D:1:      dpeg_arrival_concentric_ovals, minmay_small_reverse_x
D:2:      nicolae_overflow_crystal_walls, lemuel_round_altar
D:3:      kennysheep_the_goblin_king, first_bread
